 Dungeon Crawl Stone Soup version 0.28-a0-1356-g2ad6d04315 (webtiles) character file.

Game seed: 7670294523123661500

3203 Snarg the Cruncher (level 9, -1/71 HPs)
             Began as a Demigod Wanderer on Dec 30, 2021.
             Slain by a wyvern (11 damage)
             ... on level 8 of the Dungeon on Dec 31, 2021.
             The game lasted 00:40:15 (10364 turns).

Snarg the Cruncher (Demigod Wanderer)              Turns: 10364, Time: 00:40:16

Health: -1/71      AC:  8    Str: 24    XL:     9   Next: 38%
Magic:  13/16      EV: 12    Int: 13    God:
Gold:   56         SH:  0    Dex: 15    Spells: 12/14 levels left

rFire   + . .      SeeInvis .   a - +0 quarterstaff (freeze)
rCold   + . .      Faith    .   (shield currently unavailable)
rNeg    . . .      Spirit   .   v - +3 leather armour {rF+}
rPois   .          Reflect  .   (no helmet)
rElec   .          Harm     .   (no cloak)
rCorr   .          Rampage  .   e - +0 pair of gloves
Will    .....                   m - +0 pair of boots
Stlth   ++........              (no amulet)
HPRegen 0.21/turn               t - ring of protection from cold
MPRegen 0.15/turn               (no ring)

@: no status effects
A: high mp 1, forlorn, divine attributes
a: no special abilities


You were on level 8 of the Dungeon.
You visited 1 branch of the dungeon, and saw 8 of its levels.

You collected 335 gold pieces.
You spent 279 gold pieces at shops.

Inventory:

Hand Weapons
 a - a +0 quarterstaff of freezing (weapon)
 b - a +2 mace of protection
 p - a +0 vampiric whip
 q - a +1 antimagic dagger
 w - a +0 whip of electrocution
 E - a +0 spear of freezing
Missiles
 d - 280 stones (quivered)
 h - 34 poisoned darts
 r - 4 boomerangs
 s - 5 curare-tipped darts
Armour
 e - a +0 pair of gloves (worn)
 g - a +0 leather armour
 m - a +0 pair of boots (worn)
 v - a +3 leather armour of fire resistance (worn)
 I - the +1 scale mail of the Postmodern Lies {rN++ rCorr Slay-6 SInv}
   (You found it on level 7 of the Dungeon)

   Slay:      It affects your accuracy & damage with ranged weapons and melee
   (-6).
   rN:        It greatly protects you from negative energy.
   SInv:      It lets you see invisible.
   rCorr:     It protects you from acid and corrosion.
 J - the +3 ring mail "Toas" {-Cast *Corrode +Inv rPois}
   (You bought it in a shop on level 4 of the Dungeon)

   rPois:     It protects you from poison.
   +Inv:      It lets you turn invisible.
   -Cast:     It prevents spellcasting.
   *Corrode:  It may corrode you when you take damage.
Jewellery
 t - a ring of protection from cold (left hand)
Wands
 G - a wand of charming (8)
Scrolls
 c - a scroll of brand weapon
 k - a scroll of immolation
 x - a scroll of torment
 z - a scroll of fear
 C - a scroll of noise
 D - a scroll of amnesia
 H - a scroll of identify
Potions
 f - 3 potions of mutation
 i - 4 potions of berserk rage
 j - a potion of flight
 l - 2 potions of might
 n - 3 potions of heal wounds
 o - 2 potions of attraction {unknown}
 u - 8 potions of curing
 A - a potion of ambrosia
 K - a potion of lignification


   Skills:
 + Level 4.1 Fighting
 + Level 9.6 Staves
 + Level 4.0 Armour
 + Level 2.2 Dodging
 + Level 2.1 Stealth
 - Level 3.0 Spellcasting
 - Level 4.0 Transmutations
 * Level 2.3 Poison Magic


You had 12 spell levels left.
You knew the following spells:

 Your Spells              Type           Power      Damage    Failure   Level
a - Beastly Appendage     Tmut           24%        N/A       4%          1
b - Sting                 Tmut/Pois      40%        1d5       7%          1

Your spell library contained the following spells:

 Spells                   Type           Power      Damage    Failure   Level
 Animate Skeleton         Necr           2%         N/A       26%         1
 Pain                     Necr           4%         1d4       26%         1
 Vampiric Draining        Necr           1%         2d6       58%         3
 Ice Form                 Ice/Tmut       7%         N/A       73%         4
 Petrify                  Tmut/Erth      7%         N/A       73%         4
 Animate Dead             Necr           0%         N/A       94%         4
 Hailstorm                Conj/Ice       1%         3d3       94%         4
 Borgnjor's Vile Clutch   Necr/Erth      0%         N/A       100%        5
 Death Channel            Necr           0%         N/A       100%        6
 Simulacrum               Ice/Necr       0%         N/A       100%        6


Dungeon Overview and Level Annotations

Branches:
Dungeon (8/15)             Temple (0/1) D:7
   Lair: D:8-11

Shops:
D:4 [

Annotations:
D:1 clr
D:2 clr
D:3 clr
D:5 clr
D:6 clr
D:7 exclusion: ugly thing
D:8 4 runed translucent doors


Innate Abilities, Weirdness & Mutations

You have an increased reservoir of magic. (+10% MP)
You shall have no god before yourself.
Your divine heritage dramatically boosts your attributes as you level up.


Message History

You hit the wyvern but do no damage.
The wyvern is heavily wounded.
The wyvern bites you!
You are too injured to fight recklessly!
You are too injured to fight recklessly!
The two-headed ogre shouts in stereo!
The wyvern barely misses you.
The cyclops shouts!
The wyvern barely misses you.
Casting: Sting (safe; 7% risk of failure)
Confirm with . or Enter, or press ? or * to list all spells.
Aiming: Sting (safe; 7% risk of failure)
Press: ? - help, Shift-Dir - straight line, f/p - wyvern
Aim: a wyvern (severely wounded, poisoned, 71% to hit)
The sting hits the wyvern but does no damage.
The wyvern looks even sicker.
The wyvern is severely wounded.
The wyvern completely misses you.
Casting: Sting (safe; 7% risk of failure)
Confirm with . or Enter, or press ? or * to list all spells.
Aiming: Sting (safe; 7% risk of failure)
Press: ? - help, Shift-Dir - straight line, f/p - wyvern
Aim: a wyvern (severely wounded, very poisoned, 71% to hit)
The sting hits the wyvern but does no damage.
The wyvern looks even sicker.
The wyvern is severely wounded.
The wyvern bites you!
* * * LOW HITPOINT WARNING * * *
The wyvern bites you!
* * * LOW HITPOINT WARNING * * *
A wyvern comes into view.
The wyvern bites you!
* * * LOW HITPOINT WARNING * * *
You feel much better. The wyvern bites you!
* * * LOW HITPOINT WARNING * * *
The wyvern completely misses you.
You closely miss the wyvern.
The wyvern is severely wounded.
The wyvern bites you!
You die...

....# +..... #....# #.....
#....# #..... #....#####
#....#####....#...#
#.................. ##. ....
.##....PPPP..PPPP.._.. #.. ####
..#....................
#.##8:/8##.#...@####.†..........
#.#8....8#.#...l# #............
#.+. ...O+.#....# +............
#.+ ....+.#....+ #............
#.# #......# #............ ##.##
##......# #............ .†..#
#...l...####............ ###'#
#)###...........######## # #.#
#...##..........#


You could see 2 wyverns.

Vanquished Creatures
  Pikel (D:4)
  Grinder (D:3)
  Grum (D:8)
  2 orc warriors
  A necrophage (D:3)
  2 centaurs
  2 wolves (D:8)
  3 phantoms
  2 bullfrogs
  2 scorpions
  A water moccasin zombie (D:6)
  2 water moccasin skeletons
  A killer bee (D:8)
  A bullfrog zombie (D:5)
  A centaur zombie (D:8)
  3 hounds (D:6)
  4 jellies
  An orc priest (D:7)
  2 centaur skeletons
  9 orc wizards
  2 iguanas
  2 killer bee zombies
  A hound skeleton (D:4)
  2 howler monkey zombies
  Robin (D:3)
  4 gnolls (D:5)
  11 adders
  4 white imps
  2 adder skeletons (D:4)
  2 worms (D:3)
  3 dart slugs
  31 orcs
  5 endoplasms
  A giant cockroach (D:3)
  8 goblins
  9 hobgoblins
  2 jackals (D:2)
  2 quokkas (D:2)
  8 ball pythons
  A bat (D:1)
  3 frilled lizards
  3 kobolds
  3 rats
152 creatures vanquished.

Vanquished Creatures (collateral kills)
  A sky beast (D:5)
  2 bullfrog skeletons (D:5)
3 creatures vanquished.

Vanquished Creatures (others)
  3 plants (D:7)
  A withered plant (D:7)
4 creatures vanquished.

Grand Total: 159 creatures vanquished

Notes
Turn   | Place    | Note
-------+----------+-------------------------------------------
     0 | D:1      | Snarg the Demigod Wanderer began the quest for the Orb.
     0 | D:1      | Snarg set off with the following items: a +0 quarterstaff,
                  | a +0 pair of boots, a +0 robe; and the following spells
                  | available to memorise: Beastly Appendage, Sting, Petrify
     0 | D:1      | Reached XP level 1. HP: 16/16 MP: 4/4
     7 | D:1      | Learned a level 1 spell: Beastly Appendage
     9 | D:1      | Learned a level 1 spell: Sting
   465 | D:1      | Reached XP level 2. HP: 23/23 MP: 3/5
  1084 | D:2      | Reached XP level 3. HP: 27/28 MP: 4/7
  1407 | D:2      | HP: 1/28 [hobgoblin (3)]
  1432 | D:1      | HP: 1/28 [hobgoblin (2)]
  2244 | D:3      | Noticed Grinder
  2252 | D:3      | Paralysed by Grinder for 6 turns
  2260 | D:3      | Paralysed by Grinder for 3 turns
  2346 | D:3      | Reached XP level 4. HP: 30/35 MP: 4/8
  2353 | D:3      | Reached skill level 1 in Poison Magic
  2581 | D:3      | Noticed a necrophage
  2778 | D:4      | Reached skill level 2 in Staves
  2887 | D:4      | Noticed a lemure
  2974 | D:4      | Reached XP level 5. HP: 10/41 MP: 9/9
  3280 | D:4      | Noticed Pikel
  3304 | D:4      | Killed Pikel
  3305 | D:4      | Reached skill level 4 in Staves
  3305 | D:4      | Reached skill level 1 in Dodging
  3305 | D:4      | Reached XP level 6. HP: 9/48 MP: 6/11
  3305 | D:4      | Reached XP level 7. HP: 10/55 MP: 7/13
  3948 | D:3      | Reached skill level 5 in Staves
  3967 | D:3      | Noticed Robin
  3971 | D:3      | Killed Robin
  4469 | D:4      | Found Ustra's Antique Armour Emporium.
  4684 | D:5      | Entered Level 5 of the Dungeon
  5012 | D:5      | Reached XP level 8. HP: 56/63 MP: 14/14
  5089 | D:5      | Reached skill level 6 in Staves
  7392 | D:6      | Reached skill level 7 in Staves
  8114 | D:7      | Found a staircase to the Ecumenical Temple.
  8428 | D:7      | Noticed a purple ugly thing
  8533 | D:7      | Reached skill level 8 in Staves
  8552 | D:7      | Identified the +1 scale mail of the Postmodern Lies {rN++
                  | rCorr Slay-6 SInv}
  8945 | D:3      | Paralysed by Grinder for 2 turns
  8954 | D:3      | Killed Grinder
  8955 | D:3      | Reached XP level 9. HP: 71/71 MP: 14/16
  9449 | D:4      | Bought a fine ring mail for 279 gold pieces
  9449 | D:4      | Identified the +3 ring mail "Toas" {-Cast *Corrode +Inv
                  | rPois} (You bought it in a shop on level 4 of the Dungeon)
  9529 | D:8      | Found a large runed translucent door.
  9529 | D:8      | Found a large runed translucent door.
  9655 | D:8      | Noticed Grum
  9685 | D:8      | Killed Grum
  9686 | D:8      | Reached skill level 9 in Staves
  9852 | D:8      | Found a large runed translucent door.
  9852 | D:8      | Found a large runed translucent door.
 10330 | D:8      | Noticed a two-headed ogre
 10356 | D:8      | Noticed a cyclops
 10361 | D:8      | HP: 1/71 [wyvern (7)]
 10364 | D:8      | Slain by a wyvern

Illustrated notes

Levels and vault maps discovered:
D:1:      evilmike_arrival_crescent, layout_basic
D:2:      layout_basic
D:3:      layout_loops_corners, mainiacjoe_overflow_24_doors,
          chequers_temple_overflow_statue_of_worship, uniq_robin, uniq_grinder
D:4:      layout_loops_ring, serial_shops, shop, chequers_mini_garden,
          uniq_pikel
D:5:      layout_layer_cave, minmay_overflow_temple_star_hex,
          grunt_ministairs_15, minmay_misc_feat_room,
          chequers_serial_rivers_small_3, hangedman_decor_slide_cut,
          hangedman_decor_points
D:6:      layout_layer_cave
D:7:      minmay_cornered_nines, layout_gridville,
          grunt_temple_overflow_growth_and_decay, minmay_temple_entry_crystal_x,
          serial_bayou_pond_d
D:8:      kennysheep_blocky_hall, layout_gridville,
          mainiacjoe_overflow_boulevard, lair_entry_dummy,
          minmay_hollow_rounded_squares, uniq_erica, uniq_grum, uniq_maurice

Skill      XL: |  1  2  3  4  5  6  7  8  9 |
---------------+----------------------------+-----
Transmutations | 3 4 |  4.0
Armour         | 2 3 4 |  4.0
Stealth        | 2 |  2.1
Poison Magic   | 1 2 |  2.3
Staves         | 2 4 5 8 9 |  9.6
Fighting       | 2 3 4 |  4.1
Dodging        | 1 2 |  2.2
Spellcasting   | 2 3 |  3.0

Action                   |  1- 3 |  4- 6 |  7- 9 || total
-------------------------+-------+-------+-------++-------
Melee: Quarterstaff      |    56 |    49 |   371 ||   476
       Kick              |     2 |     6 |    17 ||    25
       Headbutt          |     2 |     5 |    15 ||    22
Throw: Stone             |    28 |     5 |    44 ||    77
       Dart              |       |     1 |     6 ||     7
       Boomerang         |       |       |     4 ||     4
 Cast: Sting             |    35 |    16 |    74 ||   125
       Beastly Appendage |    10 |     4 |     7 ||    21
  Use: Scroll            |       |       |    19 ||    19
       Potion            |       |       |     1 ||     1
 Stab: Sleeping          |       |       |     7 ||     7
Armor: Leather armour    |    13 |    11 |   129 ||   153
Dodge: Dodged            |    35 |    34 |   208 ||   277

Table legend: (Time is in decaauts)
 A = Elapsed time spent in this place.
 B = Non-inter-level travel time spent in this place.
 C = Inter-level travel time spent in this place.
 D = Time resting spent in this place.
 E = Time spent auto-exploring this place.
 F = Levels seen in this place.
 G = Mean time per level.
                   A        B        C        D        E       F      G
               +--------+--------+--------+--------+--------+-----+--------+
         Total |  10398 |   9578 |    820 |   1870 |   5776 |   8 | 1299.8 |
       Dungeon |  10398 |   9578 |    820 |   1870 |   5776 |   8 | 1299.8 |
               +--------+--------+--------+--------+--------+-----+--------+

Top non-repeatable levels by time:
     D:5: 1807 daAuts
     D:4: 1687 daAuts
     D:3: 1579 daAuts
     D:7: 1366 daAuts
     D:6: 1344 daAuts
     D:1: 1270 daAuts
     D:2: 802 daAuts
     D:8: 540 daAuts
